AoeStats
← montes_503

Arena

509279990Analyzed
4v4 RM · 4d ago on Sep 26, 2026· 55m 47s· 8 players
Game mode
Random Map
Map size
Large (8 player)
Population
200
Speed
Normal
Resources
Standard
Victory
Conquest
Starting age
Dark Age
Ending age
Imperial Age
RankedLock teamsTeams togetherTeam positionsShared explorationLock speedFull tech treeHidden civsTurbo modeCheats
Victory
Defeat
🇨🇳 Magyars · China
884
+12
🇨🇳 Varangians · China
867
+13
🇨🇳 Teutons · China
855
+13
🇦🇷 Georgians · Argentina
794
+16
🇲🇽 Franks · Mexico
843
-15
🇲🇽 Romans · Mexico
823
-15
🇲🇽 Bohemians · Mexico
789
-13
🇲🇽 Persians · Mexico
741
-11
626464865
10:46 Feudal Age
12:22 Double-Bit Axe
15:27 Castle Age
15:39 Loom
17:10 Bow Saw
20:06 Horse Collar
23:01 Wheelbarrow
25:13 Town Watch
26:43 Hand Cart
32:26 Imperial Age
30:22 Ballistics
30:24 Scale Mail Armor
30:35 Forging
31:03 Town Patrol
30:59 Pikeman
31:41 Squires
32:28 Chain Mail Armor
32:50 Halberdier
34:34 Plate Mail Armor
35:42 Chemistry
37:01 Ironclad
37:02 Conscription
36:53 Siege Engineers
37:27 Iron Casting
37:54 Fortified Wall
39:36 Fletching
42:51 Two-Man Saw
45:35 Blast Furnace
44:32 Bodkin Arrow
把人生埋在四季
12:22 Feudal Age
14:26 Town Watch
17:06 Castle Age
16:05 Double-Bit Axe
16:10 Horse Collar
19:12 Bow Saw
20:22 Heavy Plow
22:40 Stone Mining
24:30 Wheelbarrow
24:56 Gold Mining
25:46 Hand Cart
30:46 Corvinian Army
33:17 Gold Shaft Mining
33:52 Ballistics
33:29 Fletching
34:52 Masonry
37:37 Imperial Age
36:50 Bodkin Arrow
37:51 Heavy Cavalry Archer
39:18 Conscription
39:30 Thumb Ring
41:09 Chemistry
39:42 Pikeman
40:32 Bracer
40:33 Padded Archer Armor
40:30 Elite Magyar Huszar
41:54 Parthian Tactics
41:35 Thumb Ring
42:56 Leather Archer Armor
43:42 Onager
43:45 Halberdier
47:15 Bloodlines
47:06 Husbandry
48:36 Husbandry
51:33 Crop Rotation
52:05 Two-Man Saw
54:47 Recurve Bow
55:28 Ring Archer Armor
56:21 Scale Barding Armor
Iluvatar
11:05 Feudal Age
15:37 Castle Age
13:32 Double-Bit Axe
14:01 Horse Collar
17:06 Bow Saw
23:58 Wheelbarrow
25:26 Loom
25:53 Heavy Plow
26:39 Gold Mining
30:51 Imperial Age
28:37 Hand Cart
28:08 Town Watch
31:11 Forging
31:01 Scale Mail Armor
31:07 Scale Barding Armor
32:04 Town Patrol
33:17 Two-Man Saw
32:49 Crop Rotation
32:59 Iron Casting
34:19 Chain Mail Armor
34:25 Chain Barding Armor
33:51 Treadmill Crane
35:13 Chemistry
34:34 Ballistics
34:13 Murder Holes
35:31 Conscription
34:33 Gothikon
34:34 Vendel Legacy
34:36 Elite Varangian Guard
35:18 Squires
35:05 Arson
35:17 Pikeman
35:44 Gambesons
36:21 Bloodlines
35:33 Cavalier
36:13 Husbandry
37:59 Blast Furnace
37:30 Plate Mail Armor
37:35 Plate Barding Armor
37:02 Halberdier
39:56 Plate Barding Armor
39:12 Light Cavalry
40:19 Hussar
53:07 Elite Jarl
b3rm3
6:25 Loom
9:12 Feudal Age
18:06 Double-Bit Axe
21:27 Castle Age
20:08 Gold Mining
23:09 Wheelbarrow
24:43 Horse Collar
27:45 Imperial Age
26:27 Forging
26:23 Scale Barding Armor
31:13 Husbandry
32:44 Bloodlines
34:12 Hand Cart
33:44 Town Watch
34:38 Iron Casting
35:57 Svan Towers
35:57 Aznauri Cavalry
36:40 Elite Monaspa
38:27 Pikeman
40:22 Blast Furnace
41:59 Halberdier
42:24 Gambesons
42:39 Squires
51:56 Elite Skirmisher
54:17 Chain Barding Armor
memito101091
0:57 Loom
11:00 Feudal Age
12:40 Double-Bit Axe
13:38 Wheelbarrow
14:36 Horse Collar
15:10 Town Watch
22:25 Castle Age
21:49 Scale Mail Armor
22:31 Pikeman
25:15 Hand Cart
29:00 Chain Mail Armor
29:04 Heavy Plow
29:17 Bow Saw
36:38 Imperial Age
37:00 Ballistics
37:41 Chemistry
36:37 Murder Holes
37:28 Elite Hussite Wagon
40:17 Bombard Tower
40:36 Plate Mail Armor
41:57 Hussite Reforms
43:54 Houfnice
47:50 Halberdier
rafa08slayer
0:36 Loom
10:03 Feudal Age
11:31 Double-Bit Axe
17:33 Castle Age
16:43 Horse Collar
20:54 Heavy Plow
24:11 Gold Mining
26:47 Wheelbarrow
29:28 Kamandaran
33:30 Imperial Age
34:45 Bloodlines
34:39 Husbandry
35:17 Hand Cart
36:40 Ballistics
37:32 Cavalier
41:22 Chemistry
42:29 Elite War Elephant
46:55 Murder Holes
49:49 Gold Shaft Mining
49:24 Thumb Ring
49:03 Savar
50:09 Masonry
50:27 Crossbowman
51:14 Elite Skirmisher
53:53 Padded Archer Armor
Kcire_zr
0:36 Loom
11:59 Feudal Age
12:35 Double-Bit Axe
12:29 Man-at-Arms
15:00 Horse Collar
22:00 Castle Age
20:06 Stone Mining
20:11 Gold Mining
21:31 Scale Mail Armor
22:30 Forging
23:26 Bloodlines
24:01 Gold Shaft Mining
23:29 Heavy Plow
23:59 Bow Saw
24:45 Squires
25:51 Long Swordsman
27:14 Iron Casting
27:33 Ballistas
35:57 Imperial Age
34:10 Wheelbarrow
37:20 Heavy Scorpion
37:29 Legionary
38:34 Conscription
39:59 Chemistry
43:33 Comitatenses
montes_503
0:39 Loom
12:58 Feudal Age
14:19 Wheelbarrow
13:35 Double-Bit Axe
21:20 Castle Age
21:27 Scale Barding Armor
27:04 Caravan
30:50 Imperial Age
29:00 Hand Cart
32:18 Chain Barding Armor
32:44 Forging
34:44 Iron Casting
34:07 Cavalier
35:51 Heavy Mounted Crossbowman
36:39 Padded Archer Armor
39:08 Plate Barding Armor
38:50 Leather Archer Armor
39:26 Fletching
40:34 Paladin
45:27 Coinage
45:27 Conscription
46:40 Bodkin Arrow
46:48 Scale Mail Armor
47:01 Man-at-Arms
47:27 Gambesons
47:43 Squires
48:53 Blast Furnace
48:16 Chain Mail Armor
47:43 Long Swordsman
48:48 Fortified Wall
48:17 Two-Handed Swordsman
49:05 Champion
Connection lost

Rejoining the realm…

Still unreachable

The connection could not be restored.

Session expired

The server has moved on; the page needs a fresh start.